 Dungeon Crawl Stone Soup version 0.31.0-12-g77e489cdc1 (webtiles) character file.

Game seed: 2736401604812711704

77 Gadfly the Trooper (level 4, 0/49 HPs)
             Began as an Oni Berserker on Feb 24, 2024.
             Was a Believer of Trog.
             Slain by a goblin
             ... wielding a +0 dagger
             ... led by Robin
              (1 damage)
             ... on level 2 of the Dungeon.
             The game lasted 00:01:51 (1341 turns).

Gadfly the Trooper (Oni Berserker)                  Turns: 1341, Time: 00:01:51

Health: 0/49       AC:  3    Str: 21    XL:     4   Next: 33%
Magic:  4/4        EV: 10    Int:  8    God:    Trog [**....]
Gold:   37         SH:  0    Dex: 10    Spells: 3/3 levels left

rFire   . . .        a - +1 flail
rCold   . . .        (no shield)
rNeg    . . .        b - +0 animal skin
rPois   .            (helmet restricted)
rElec   .            (no cloak)
rCorr   .            (gloves unavailable)
SInv    .            (boots unavailable)
Will    .....        (no amulet)
Stlth   +            (no ring)
HPRegen 0.28/turn    (no ring)
MPRegen 0.09/turn

%: no passive effects
@: no status effects
A: large, unfitting armour, horns 1, tough skin 1, double potion healing,
drunken brawling
a: Renounce Religion, Berserk, Trog's Hand


You were on level 2 of the Dungeon.
You worshipped Trog.
Trog was pleased with you.
You visited 1 branch of the dungeon, and saw 2 of its levels.

You collected 37 gold pieces.

Inventory:

Hand Weapons
 a - a +1 flail (weapon)
Armour
 b - a +0 animal skin (worn)
Scrolls
 e - a scroll of fear {unknown}
Potions
 d - a potion of curing {unknown}
 f - a potion of attraction
 g - a potion of might


   Skills:
 + Level 4.5 Fighting
 * Level 3.6 Maces & Flails
 * Level 1.6 Armour
 - Level 2.6 Dodging
 * Level 1.3 Evocations


You had 3 spell levels left.
You didn't know any spells.
Your spell library was empty.

Dungeon Overview and Level Annotations

Branches:
Dungeon (2/15)

Altars:

Annotations:
D:2 Robin


Innate Abilities, Weirdness & Mutations

You are too large for most types of armour.
You have a pair of small horns on your head.
You have tough skin. (AC +1)
You gain doubled healing and magic from potions.
Whenever you drink a healing potion, you attack all around you.


Message History

Robin hits you from afar with a +0 spear.
The goblin misses you. The goblin hits you but does no damage.
The frilled lizard closely misses you. The goblin barely misses you.
The goblin hits you with a +0 dagger.
You barely miss the goblin. Your headbutt misses the goblin.
The goblin completely misses you. The goblin hits you with a +4 dagger.
The frilled lizard bites you. The goblin misses you.
A hobgoblin comes into view.
The goblin closely misses you.
You closely miss the goblin.
Robin hits you from afar with a +0 spear.
The goblin hits you with a +0 club. The goblin barely misses you.
The frilled lizard misses you. The goblin barely misses you.
A hobgoblin comes into view.
The goblin hits you but does no damage.
You closely miss the goblin. You headbutt the goblin.
You kill the goblin!
Trog accepts your kill. Robin throws the goblin at you!
The goblin hits you with a +0 dagger. The goblin barely misses you.
The frilled lizard bites you. The goblin closely misses you.
The goblin hits you but does no damage.
You sock the goblin!
You kill the goblin!
Trog accepts your kill. The goblin hits you but does no damage.
Robin hits you from afar with a +0 spear.
* * * LOW HITPOINT WARNING * * *
The goblin barely misses you. The frilled lizard bites you.
* * * LOW HITPOINT WARNING * * *
The goblin barely misses you. The frilled lizard bites you.
* * * LOW HITPOINT WARNING * * *
The goblin hits you with a +0 dagger.
* * * LOW HITPOINT WARNING * * *
Robin hits you from afar with a +0 spear.
* * * LOW HITPOINT WARNING * * *
The goblin barely misses you. The goblin hits you but does no damage.
The goblin hits you with a +0 dagger.
* * * LOW HITPOINT WARNING * * *
The goblin hits you with a +0 dagger.
You die...

## ## .. . .# #.
.# . g##.####..
.g(......
#gl...... #.g#
#@g# #..# #..#
#..###### #.#
#.......# #.#
#.#####.# #.###
#.# ##.###...#
#.####...##.#.####
#.................


You could see Robin, 3 goblins and a frilled lizard.

Vanquished Creatures
  4 gnolls (D:2)
  4 endoplasms (D:1)
  2 giant cockroaches (D:1)
  7 goblins
  4 hobgoblins
  4 kobolds
  A ball python (D:1)
  A bat (D:1)
  3 frilled lizards
  9 rats
39 creatures vanquished.

Notes
Turn   | Place    | Note
-------+----------+-------------------------------------------
     0 | D:1      | Gadfly the Oni Berserker began the quest for the Orb.
     0 | D:1      | Reached XP level 1. HP: 24/24 MP: 1/1
   158 | D:1      | Reached XP level 2. HP: 32/32 MP: 2/2
   579 | D:1      | Reached ** piety under Trog
   715 | D:1      | Reached skill level 1 in Armour
  1023 | D:2      | Reached XP level 3. HP: 33/39 MP: 3/3
  1108 | D:2      | Reached skill level 1 in Evocations
  1132 | D:2      | Reached XP level 4. HP: 12/49 MP: 4/4
  1330 | D:2      | Noticed Robin
  1341 | D:2      | HP: 1/49 [goblin/+0 dagger[Robin] (3)]
  1341 | D:2      | Slain by a goblin

Illustrated notes

Levels and vault maps discovered:
D:1:      matt_arrival_refuge, layout_basic
D:2:      layout_loops_ring, dk_vineyard_1, wad_floor_pattern_untrapped,
          st_stairs_2, grunt_decor_junction, minmay_tetromino_o2, uniq_robin

Skill      XL: |  1  2  3 |
---------------+----------+-----
Armour         | 1 |  1.6
Evocations     | 1 |  1.3
Fighting       | |  4.5
Maces & Flails | |  3.6
Dodging        | |  2.6

Action                     |  1- 3 |  4- 6 || total
---------------------------+-------+-------++-------
  Melee: Mace              |    21 |       ||    21
         Headbutt          |     8 |     1 ||     9
         Flail             |    46 |    19 ||    65
         Punch             |     1 |       ||     1
    Use: Scroll            |     5 |       ||     5
         Potion            |     1 |       ||     1
 Armour: Animal skin       |    52 |    39 ||    91
  Dodge: Dodged            |    42 |    27 ||    69
